 Dungeon Crawl Stone Soup version 0.30-a0-219-gf2db51d15e (webtiles) character file.

Game seed: 10732237805957532866

46 bmpenner the Slasher (level 3, 0/29 HPs)
             Began as a Barachi Fighter on Oct 7, 2022.
             Slain by a gnoll
             ... wielding a +0 whip
              (4 damage)
             ... on level 2 of the Dungeon.
             The game lasted 00:03:40 (1184 turns).

bmpenner the Slasher (Barachi Fighter)              Turns: 1184, Time: 00:03:41

Health: 0/29       AC:  6    Str: 17    XL:     3   Next: 68%
Magic:  3/3        EV:  9    Int:  8    God:
Gold:   113        SH:  4    Dex: 13    Spells: 2/2 levels left

rFire   . . .      SeeInvis .    a - +0 long sword
rCold   . . .      Faith    .    c - +0 buckler
rNeg    . . .      Spirit   .    b - +0 scale mail
rPois   .          Reflect  .    (no helmet)
rElec   .          Harm     .    (no cloak)
rCorr   .          Rampage  .    (no gloves)
Will    .....                    (no boots)
Stlth   ..........               (no amulet)
HPRegen 0.24/turn                (no ring)
MPRegen 0.08/turn                (no ring)

@: mighty, slow
A: amphibious, slowness 1, strong legs 1, +LOS
a: Hop


You were on level 2 of the Dungeon.
You visited 1 branch of the dungeon, and saw 2 of its levels.

You collected 113 gold pieces.

Inventory:

Hand Weapons
 a - a +0 long sword (weapon)
 g - a +0 falchion
Armour
 b - a +0 scale mail (worn)
 c - a +0 buckler (worn)
Potions
 d - a potion of might
 i - a potion of mutation {unknown}


   Skills:
 - Level 3.6 Fighting
 + Level 4.8 Long Blades
 - Level 3.6 Armour
 - Level 3.2 Shields


You had 2 spell levels left.
You didn't know any spells.
Your spell library contained the following spells:

 Spells                   Type           Power      Damage    Failure   Level
 Sublimation of Blood     Necr           0%         N/A       96%         2
 Wereblood                Tmut           0%         N/A       96%         2
 Summon Hydra             Summ           0%         N/A       100%        7


Dungeon Overview and Level Annotations

Branches:
Dungeon (2/15)

Altars:


Innate Abilities, Weirdness & Mutations

You are amphibious.
You cover ground slowly.
You can hop short distances.
You have an extended range of vision and can be seen from far away.


Message History

* * * LOW HITPOINT WARNING * * *
The gnoll hits you from afar with a +0 spear.
* * * LOW HITPOINT WARNING * * *
You swap places.
The gnoll hits your endoplasm with a +0 whip.
Your endoplasm barely misses the gnoll.
You swap places.
The gnoll hits your endoplasm with a +0 whip.
Your endoplasm dies!
Your endoplasm dissolves into shadows!
The gnoll hits your ball python with a +0 whip.
Your ball python dies!
Your ball python's corpse dissolves into shadows!
You aren't carrying any scrolls.
Unknown command.
It was a potion of curing.
You feel better.
You feel very mighty all of a sudden.
You barely miss the gnoll.
The gnoll is heavily wounded.
You block the gnoll's attack.
You closely miss the gnoll.
The gnoll is heavily wounded.
The gnoll barely misses you.
You slash the gnoll!
You kill the gnoll!
The gnoll hits you with a +0 whip.
You hit the gnoll.
The gnoll is heavily wounded.
The gnoll hits you from afar with a +0 spear.
You block the gnoll's attack.
You hit the gnoll.
The gnoll is heavily wounded.
The gnoll barely misses you. The gnoll hits you with a +0 whip!
* * * LOW HITPOINT WARNING * * *
You hit the gnoll.
The gnoll is almost dead.
The gnoll hits you from afar with a +0 spear.
* * * LOW HITPOINT WARNING * * *
The gnoll hits you with a +0 whip.
You die...

#.... #....###
#.g...# #)# #g# #.#
##### #.# #...#####.#
#.#..@gg..#
####.#########
#......# #.##.#.#
#.#..#.# ############
#.#.##.# #..........#
## #.#....#
#......<...# ..
#......# #..........#
#.
#####.####.....[....#
#.


You could see 2 gnolls.

Vanquished Creatures
  2 gnolls (D:2)
  A dart slug (D:1)
  2 goblins (D:1)
  4 hobgoblins
  2 quokkas (D:1)
  2 ball pythons (D:1)
  6 bats
  2 frilled lizards
  2 kobolds
  3 rats (D:1)
26 creatures vanquished.

Notes
Turn   | Place    | Note
-------+----------+-------------------------------------------
     0 | D:1      | bmpenner the Barachi Fighter began the quest for the Orb.
     0 | D:1      | Reached XP level 1. HP: 18/18 MP: 1/1
   211 | D:1      | Reached skill level 3 in Long Blades
   238 | D:1      | Reached XP level 2. HP: 24/24 MP: 2/2
   670 | D:1      | Reached skill level 4 in Long Blades
   900 | D:2      | Reached XP level 3. HP: 29/29 MP: 3/3
  1184 | D:2      | Slain by a gnoll

Illustrated notes

Levels and vault maps discovered:
D:1:      nzn_arrival_crosshair, layout_basic, minmay_misc_feat_doors
D:2:      layout_basic

Skill      XL: |  1  2 |
---------------+-------+-----
Long Blades    | 3 4 |  4.8
Fighting       | |  3.6
Armour         | |  3.6
Shields        | |  3.2

Action                   || total
-------------------------++-------
Melee: Long sword        ||    82
  Use: Scroll            ||     2
       Potion            ||     2
Armor: Scale mail        ||    41
Dodge: Dodged            ||    36
Block: Buckler           ||    22

Table legend: (Time is in decaauts)
 A = Elapsed time spent in this place.
 B = Non-inter-level travel time spent in this place.
 C = Inter-level travel time spent in this place.
 D = Time resting spent in this place.
 E = Time spent auto-exploring this place.
 F = Levels seen in this place.
 G = Mean time per level.
                   A        B        C        D        E       F      G
               +--------+--------+--------+--------+--------+-----+--------+
         Total |   1400 |   1368 |     32 |     26 |   1113 |   2 |  700.0 |
       Dungeon |   1400 |   1368 |     32 |     26 |   1113 |   2 |  700.0 |
               +--------+--------+--------+--------+--------+-----+--------+

Top non-repeatable levels by time:
     D:1: 1038 daAuts
     D:2: 362 daAuts
